 Dungeon Crawl Stone Soup version 0.20.0-8-g6b59dc7 (webtiles) character file.

45 miragecloak the Changer (level 3, -1/23 HPs)
             Began as an Octopode Transmuter on June 2, 2017.
             Slain by a gnoll
             ... wielding a +0 flail
              (8 damage)
             ... on level 1 of the Dungeon.
             The game lasted 00:01:07 (1048 turns).

miragecloak the Changer (Octopode Transmuter)       Turns: 1048, Time: 00:01:08

Health: -1/23      AC:  2    Str:  9    XL:     3   Next: 64%
Magic:  3/6        EV: 20    Int: 15    God:
Gold:   108        SH:  0    Dex: 18    Spells: 2/6 levels left

rFire    . . .     SeeInvis .     - Unarmed
rCold    . . .     Gourm    .   (shield currently unavailable)
rNeg     . . .     Faith    .   (helmet currently unavailable)
rPois    x         Spirit   .   (no amulet)
rElec    .         Reflect  .   (no ring)
rCorr    .         Harm     .   (no ring)
MR       .....                  (no ring)
Stlth    ++........             (no ring)
Regen    0.1/turn               (no ring)
MPRegen  0.1/turn               (no ring)
                                (no ring)
                                (no ring)

@: spider-form
A: almost no armour, stealthy swim, (amphibious), 8 rings, (constrict 8)
a: End Transformation


You were on level 1 of the Dungeon.
You were hungry.
You were a venomous arachnid creature.
You visited 1 branch of the dungeon, and saw 2 of its levels.

You collected 108 gold pieces.

Inventory:

Missiles
 a - 24 arrows
Jewellery
 k - an uncursed amulet of the gourmand {unknown}
Scrolls
 d - a scroll of magic mapping {unknown}
 e - 2 scrolls of teleportation {unknown}
 g - 2 scrolls of remove curse {unknown}
 i - 2 scrolls of blinking {unknown}
 j - a scroll of enchant weapon {unknown}
 p - a scroll of identify {unknown}
Potions
 f - a potion of flight {unknown}
 h - 2 potions of might {unknown}
 m - a potion of curing {unknown}
 n - a potion of haste {unknown}
 o - a potion of ambrosia {unknown}
Books
 b - a book of Changes

   Spells                             Type                      Level
   a - Beastly Appendage              Transmutation                1
   b - Sticks to Snakes               Transmutation                2
   c - Spider Form                    Transmutation/Poison         3
   d - Ice Form                       Ice/Transmutation            4
   e - Blade Hands                    Transmutation                5
Comestibles
 c - 2 bread rations
 l - a royal jelly


   Skills:
 - Level 1.0 Fighting
 - Level 2.0 Dodging
 - Level 3.0 Unarmed Combat
 - Level 2.0 Spellcasting
 + Level 3.4 Transmutations
 * Level 1.9 Poison Magic


You had 2 spell levels left.
You knew the following spells:

 Your Spells              Type           Power        Failure   Level  Hunger
a - Beastly Appendage     Tmut           ##....       16%         1    #......
b - Spider Form           Tmut/Pois      #.........   43%         3    ###....


Dungeon Overview and Level Annotations

Branches:
Dungeon (2/15)

Altars:


Innate Abilities, Weirdness & Mutations

You cannot wear most types of armour.
You are very stealthy in the water. (Stealth+)
((You are amphibious.))
You can wear up to eight rings at the same time.
((You can use your tentacles to constrict eight enemies at once.))
((Your skin changes colour to match your surroundings (Stealth+).))
((Your rubbery body absorbs attacks. (AC +1, EV +1)))


Message History

The gnoll closely misses you. The gnoll barely misses you.
There is a stone staircase leading up here.
The gnoll barely misses you.
You climb upwards.
There is a stone staircase leading down here.
Casting: Spider Form
Confirm with . or Enter, or press ? or * to list all spells.
You turn into a venomous arachnid creature.
The gnoll misses you.
You are too injured to fight recklessly!
You are too injured to fight recklessly!
You are too injured to fight recklessly!
You are too injured to fight recklessly!
You are too injured to fight recklessly!
You are too injured to fight recklessly!
You completely miss the gnoll. You bite the gnoll!
The gnoll is severely wounded.
The gnoll hits you with a flail!
You die...

##.#.#.#............(#######.###.
.#.....#..##.#.##).........#.# #.
..(#...#........#.##.#####.#.# #.
.#.#...#...#.#..#.##.# #.#.# #.
.#.#...#...#.......#.# #.#.# #.
##.#...#...#.##...##.#####.#.# #.
#.#...#...#......#......#.#.# #.
#[#...)...#####g.#..###.#.#.# #.
#..[...#.......s.#.)###.#.#.# #.
#####.#.#####.#.###..#...#.#.###.
....#................#####.#.....
###.###.###..#.###.......#.######
#...........#...#..####.#.#.....
#..###..#.#.............#.#.####
#..# ##...#.#......###..#.#.# #
#..# #...#........+....#.#)## #
#..# #..†###......###..#.#..###


You could see a gnoll.

Vanquished Creatures
  An adder (D:2)
  2 dart slugs
  A leopard gecko (D:2)
  3 giant cockroaches
  A goblin (D:1)
  5 hobgoblins
  4 bats
  4 frilled lizards
  6 kobolds
  5 rats
32 creatures vanquished.

Notes
Turn   | Place    | Note
-------+----------+-------------------------------------------
     0 | D:1      | miragecloak the Octopode Transmuter began the quest for the Orb.
     0 | D:1      | Reached XP level 1. HP: 13/13 MP: 3/3
   197 | D:1      | Reached XP level 2. HP: 17/18 MP: 3/5
   650 | D:2      | Reached XP level 3. HP: 23/23 MP: 4/6
   655 | D:2      | Learned a level 3 spell: Spider Form
   753 | D:2      | Reached skill level 1 in Poison Magic
  1048 | D:1      | Slain by a gnoll

Skill      XL: |  1  2  3 |
---------------+----------+-----
Transmutations | 3 |  3.4
Poison Magic   | 1 |  1.9
Fighting       | |  1.0
Dodging        | |  2.0
Unarmed Combat | |  3.0
Spellcasting   | |  2.0

Action                   || total
-------------------------++-------
Melee: Unarmed           ||    67
       Kick              ||    17
       Constrict         ||    17
       Tentacles         ||     9
       Punch             ||     1
 Cast: Beastly Appendage ||    23
       Spider Form       ||     4
 Stab: Sleeping          ||     5
  Eat: Chunk             ||     1
Armor: Skin              ||     4
Dodge: Dodged            ||    47
